Match 46389734
Unlisted

Match 46389734
End
Royal Engineer Section
Construct Section Command Post
Selects Canadian Shock Battlegroup
Dingo Light Scout Car
Infantry Section
Infantry Section
Construct Platoon Command Post
Humber Armored Car
Grenade Package
Infantry Section
Selects Offensive Resupply
Selects Incendiary Munitions
Infantry Training
Infantry Section
6-pounder Anti-tank Gun Team
Construct Company Command Post
Selects Pyrotechnics
Matilda II Heavy Tank
Selects Demolition Engineering
Construct Field Infirmary
6-pounder Anti-tank Gun Team
Demolition Engineering
6-pounder Anti-tank Gun Team
1st SubStar
엽하
DebaKLeTV
감귤
0
0

Comments sign in to comment!

No comments posted yet!